 Dungeon Sprint DCSS version 0.22-a0-430-g6609fc6 (webtiles) character file.

28 raistware the Covert (level 3, -1/24 HPs)
             Began as a Vampire Ice Elementalist on May 26, 2018.
             Slain by a sky beast (6 damage)
             ... in the Dungeon (Sprint IX: "|||||||||||||||||||||||||||||").
             The game lasted 00:01:00 (75 turns).

raistware the Covert (Vampire Ice Elementalist)       Turns: 75, Time: 00:01:01

Health: -1/24      AC:  2    Str:  7    XL:     3   Next: 0%
Magic:  4/6        EV: 12    Int: 18    God:
Gold:   0          SH:  0    Dex: 14    Spells: 5/6 levels left

rFire    . . .     SeeInvis +   b - +3 dagger
rCold    . . .     Gourm    .   (no shield)
rNeg     + . .     Faith    .   a - +0 robe
rPois    .         Spirit   .   (no helmet)
rElec    .         Reflect  .   (no cloak)
rCorr    .         Harm     .   (no gloves)
MR       .....     NoTele   +   (no boots)
Stlth    ++++......             (no amulet)
HPRegen  0.08/turn              (no ring)
MPRegen  0.10/turn              (no ring)

@: no status effects
A: fangs 3, see invisible, unbreathing
a: Bat Form


You were in the Dungeon.
You were not thirsty.

You visited 1 branch

Inventory:

Hand Weapons
 b - a +3 dagger (weapon)
Armour
 a - a +0 robe (worn)
Scrolls
 i - a scroll of blinking
Potions
 c - a potion of blood
 d - a potion of curing
 f - a potion of haste
 g - 2 potions of magic


   Skills:
 - Level 2.1 Dodging
 + Level 9.8 Stealth
 - Level 2.0 Spellcasting
   Level 0.6 Conjurations
 + Level 3.0 Ice Magic


You had 5 spell levels left.
You knew the following spells:

 Your Spells              Type           Power        Failure   Level  Hunger
a - Freeze                Ice            ##..         5%          1    #......

Your spell library contained the following spells:

 Spells                   Type           Power        Failure   Level  Hunger
 Throw Frost              Conj/Ice       #.....       13%         2    ###....
 Summon Ice Beast         Ice/Summ       #.......     67%         4    #####..
 Ozocubu's Armour         Chrm/Ice       #.......     28%         3    ###....
 Throw Icicle             Conj/Ice       #.......     65%         4    #####..


Dungeon Overview and Level Annotations

Branches:
Dungeon (1/1)

Altars:


Innate Abilities, Weirdness & Mutations

You have razor-sharp teeth.
You have supernaturally acute eyesight. (SInv)
You can survive without breathing.


Message History

Press: ? - help, Shift-Dir - straight line, f - sky beast
Aim: a sky beast (slightly transparent)
You freeze the sky beast.
The sky beast is lightly wounded.
The sky beast hits you. The sky beast shocks you.
Casting: Freeze (safe; 5% risk of failure)
Confirm with . or Enter, or press ? or * to list all spells.
Aiming: Freeze (safe; 5% risk of failure)
Press: ? - help, Shift-Dir - straight line, f/p - sky beast
Aim: a sky beast (lightly wounded, slightly transparent)
You freeze the sky beast.
The sky beast is heavily wounded.
The sky beast hits you. The sky beast shocks you.
* * * LOW HITPOINT WARNING * * *
You hit the sky beast.
The sky beast is severely wounded.
The sky beast hits you.
* * * LOW HITPOINT WARNING * * *
The sky beast shocks you.
You die... ▓▓▓▓▓▓▓▓▓▓▓▓▓▓▓▓▓▓ +.ZY@)'.....)÷..<▓ ▓▓▓▓▓▓▓▓▓▓▓▓▓▓▓▓▓▓

You could see a sky beast (invisible) and an adder skeleton.

Vanquished Creatures
  A gnoll (D)
  An adder (D)
  An adder skeleton (D)
  2 giant cockroaches (D)
  A hobgoblin (D)
  A jackal (D)
  A kobold (D)
8 creatures vanquished.

Vanquished Creatures (others)
  A spatial maelstrom (D)
1 creature vanquished.

Grand Total: 9 creatures vanquished

Notes
Turn   | Place    | Note
-------+----------+-------------------------------------------
     0 | D        | raistware the Vampire Ice Elementalist began the quest for the Orb.
     0 | D        | Reached XP level 1. HP: 13/13 MP: 3/3
     6 | D        | Reached skill level 4 in Stealth
     8 | D        | Banished a spatial maelstrom
    30 | D        | Reached skill level 5 in Stealth
    34 | D        | Reached skill level 6 in Stealth
    66 | D        | Noticed a sky beast
    68 | D        | Reached skill level 8 in Stealth
    68 | D        | Reached XP level 2. HP: 19/19 MP: 5/5
    70 | D        | Reached skill level 9 in Stealth
    72 | D        | Reached XP level 3. HP: 24/24 MP: 6/6
    75 | D        | Slain by a sky beast

Vault maps used:
D:        linesprint

Skill      XL: |  1  2 |
---------------+-------+-----
Stealth        | 8 9 |  9.8
Dodging        | |  2.1
Spellcasting   | |  2.0
Conjurations   | |  0.6
Ice Magic      | |  3.0

Action                   || total
-------------------------++-------
Melee: Unarmed           ||    23
       Dagger            ||     5
 Cast: Freeze            ||     5
  Use: Potion            ||     2
 Stab: Sleeping          ||     3
  Eat: Corpse            ||     1
Armor: Robe              ||     5
Dodge: Dodged            ||    17

Table legend:
 A = Spawn XP
 B = Non-spawn XP
 C = Spawn XP percentage of total XP
 D = Spawn monster count
 E = Non-spawn monster count
 F = Spawn count percentage of total count
 G = Total turns spent on level
                    A         B        C        D         E        F      G
               +---------+---------+-------+---------+---------+-------+---------
         Total |       0 |      41 |   0.0 |       0 |       8 |   0.0 |    75
               +---------+---------+-------+---------+---------+-------+---------
             D |       0 |      41 |   0.0 |       0 |       8 |   0.0 |    75
               +---------+---------+-------+---------+---------+-------+---------
